Kings vs Ducks

Created - March 13 2011 at 15:33

Goals
1 2 3 T
Kings 0 0 1 1
Ducks 0 0 0 0
Shots
1 2 3 T
Kings 7 7 7 21
Ducks 3 11 9 23

Period #1

No Goal

Penalties :
Bryan Allen (LOS) for High sticking (Minor) at 1:32, Evgeny Artyukhin (LOS) for Hooking (Minor) at 3:45, Michael Del Zotto (LOS) for High sticking (Minor) at 12:43, Jay Pandolfo (LOS) for Holding (Minor) at 15:44

Period #2

No Goal

Penalties :
Evgeny Artyukhin (LOS) for Interference (Minor) at 5:05, David Clarkson (ANA) for Tripping (Minor) at 5:22, Rob Scuderi (ANA) for Roughing (Minor) at 6:18, Kurtis Foster (ANA) for Holding Stick (Minor) at 15:32, Darroll Powe (LOS) for Roughing (Minor) at 17:23

Period #3

1. Kings , Ethan Moreau 6 (Darroll Powe, Bryan Allen) at 7:55

Penalties :
David Perron (ANA) for High sticking (Minor) at 1:08, Dustin Byfuglien (ANA) for Roughing (Minor) at 9:32, Ethan Moreau (LOS) for Interference (Minor) at 9:42, Michael Del Zotto (LOS) for Interference (Minor) at 11:43, Henrik Tallinder (ANA) for Boarding (Minor) at 14:28

Goalie Stats

Nikolai Khabibulin (LOS), 23 saves from 23 shots - (1.000), W, 17-37-2, 60:00 minutes
Jonas Hiller (ANA), 20 saves from 21 shots - (0.952), L, 13-10-2, 59:00 minutes

Players Stats

Kings
Player Name              G  A  P  +/- PIM S  H  SB FO    MP 
------------------------------------------------------------
Bryan Allen              0  1  1   1  2   0  0  1  0/0   18 
Cory Sarich              0  0  0   0  0   0  2  0  0/0   8  
Craig Adams              0  0  0   1  0   1  2  0  6/10  19 
Craig Conroy             0  0  0   0  0   1  0  2  8/16  15 
Darroll Powe             0  1  1   1  2   4  1  0  6/16  13 
Ethan Moreau             1  0  1   1  2   3  2  0  0/1   14 
Evgeny Artyukhin         0  0  0   0  4   0  0  0  0/0   12 
Jamie McBain             0  0  0   0  0   0  0  0  0/0   19 
Jay Pandolfo             0  0  0   0  2   0  0  0  0/0   9  
Kent Huskins             0  0  0   1  0   3  0  1  0/0   19 
Martin Skoula            0  0  0   0  0   1  1  1  0/0   22 
Matt Duchene             0  0  0   0  0   1  0  0  8/16  22 
Michael Del Zotto        0  0  0   0  4   0  1  0  0/0   16 
Michael Frolik           0  0  0   0  0   3  0  0  2/4   18 
Mike Lundin              0  0  0   0  0   1  0  0  0/0   13 
Ruslan Fedotenko         0  0  0   0  0   2  1  0  1/1   18 
Sean Bergenheim          0  0  0   0  0   1  1  0  1/2   18 
Sergei Samsonov          0  0  0   0  0   0  0  0  4/9   9  
Ducks
Player Name              G  A  P  +/- PIM S  H  SB FO    MP 
------------------------------------------------------------
Andy McDonald            0  0  0   0  0   3  1  1  6/18  17 
Brandon Dubinsky         0  0  0   0  0   3  1  0  0/0   18 
Bryan Little             0  0  0  -1  0   2  0  0  0/0   8  
Christian Hanson         0  0  0  -1  0   0  1  0  3/9   7  
David Clarkson           0  0  0   0  2   0  0  0  1/1   14 
David Perron             0  0  0   0  2   1  1  0  2/2   13 
Dustin Byfuglien         0  0  0   0  2   2  3  0  0/1   14 
Henrik Tallinder         0  0  0   0  2   0  0  0  0/0   14 
Jakub Voracek            0  0  0   0  0   1  0  0  0/0   15 
Jonathan Toews           0  0  0   0  0   2  0  0  18/29 22 
Kurtis Foster            0  0  0   0  2   1  2  0  0/0   20 
Manny Malhotra           0  0  0   0  0   0  0  0  8/13  13 
Marc-Edouard Vlasic      0  0  0   0  0   0  0  0  0/0   22 
Mason Raymond            0  0  0   0  0   5  0  0  1/2   19 
Nick Schultz             0  0  0  -1  0   1  2  0  0/0   21 
Richard Park             0  0  0  -1  0   1  0  0  0/0   11 
Rob Scuderi              0  0  0  -1  2   0  3  1  0/0   19 
Tom Poti                 0  0  0   0  0   1  0  1  0/0   20 

3 Stars

1 - Nikolai Khabibulin (LOS)
2 - Jonas Hiller (ANA)
3 - Ethan Moreau (LOS)

Power Play

Kings - 0 on 6 Attempt(s) - 0.00%
Ducks - 0 on 8 Attempt(s) - 0.00%

Penalty Kill

Kings - 8 on 8 Attempt(s) - 100.00% - Score 0 goal in Penalty Kill
Ducks - 6 on 6 Attempt(s) - 100.00% - Score 0 goal in Penalty Kill

Game Notes

No Game Note

Finance

Level 1 -- Attendance: 4941 (76.02%) -- Ticket Income $494,100.00
Level 2 -- Attendance: 3865 (77.30%) -- Ticket Income $231,900.00
Level 3 -- Attendance: 2641 (75.46%) -- Ticket Income $92,435.00
Level 4 -- Attendance: 1174 (100.00%) -- Ticket Income $23,480.00
Luxury Box -- Attendance: 807 (80.70%) -- Ticket Income $161,400.00
Game was played at the Honda Center
Total Attendance: 13428 (78.19%)
Total Ticket Income: $1,051,968.00
Other Income: $197,563.80
Total Income: $1,249,532.00


Play by Play

Period #1

0:01 of 1st period - Jonathan Toews wins face-off versus Matt Duchene in neutral zone.
1:28 of 1st period - Shot by Rob Scuderi.
1:28 of 1st period - Shot Misses the Net.
1:30 of 1st period - Shot by Andy McDonald.
1:30 of 1st period - Deflect By Brandon Dubinsky.
1:30 of 1st period - Shot Misses the Net.
1:32 of 1st period - Shot by Brandon Dubinsky.
1:32 of 1st period - Stopped by Nikolai Khabibulin without a rebound.
1:32 of 1st period - Minor Penalty to Bryan Allen for High sticking.
1:33 of 1st period - Matt Duchene wins face-off versus Andy McDonald in Kings zone.
2:21 of 1st period - Icing by Jakub Voracek.
2:22 of 1st period - Mason Raymond wins face-off versus Michael Frolik in Ducks zone.
3:04 of 1st period - Icing by Dustin Byfuglien.
3:05 of 1st period - David Perron wins face-off versus Matt Duchene in Ducks zone.
3:45 of 1st period - Minor Penalty to Evgeny Artyukhin for Hooking.
3:46 of 1st period - Craig Adams wins face-off versus Jonathan Toews in Kings zone.
6:10 of 1st period - Sergei Samsonov is hit by Rob Scuderi and loses puck.
6:50 of 1st period - Jakub Voracek is hit by Michael Del Zotto and loses puck.
8:17 of 1st period - Shot by Darroll Powe.
8:17 of 1st period - Shot Misses the Net.
8:21 of 1st period - Shot by Craig Adams.
8:21 of 1st period - Stopped by Jonas Hiller without a rebound.
8:22 of 1st period - Matt Duchene wins face-off versus Manny Malhotra in Ducks zone.
9:08 of 1st period - Off-side.
9:09 of 1st period - Darroll Powe wins face-off versus Andy McDonald in neutral zone.
9:20 of 1st period - Shot by Darroll Powe.
9:20 of 1st period - Shot Misses the Net.
9:24 of 1st period - Shot by Michael Frolik.
9:24 of 1st period - Shot Misses the Net.
9:28 of 1st period - Shot by Michael Frolik.
9:28 of 1st period - Shot Blocked by Andy McDonald.
9:30 of 1st period - Shot by Darroll Powe.
9:30 of 1st period - Shot Blocked by Rob Scuderi.
9:32 of 1st period - Shot by Craig Adams.
9:32 of 1st period - Deflect By Darroll Powe.
9:32 of 1st period - Stopped by Jonas Hiller with a rebound.
10:08 of 1st period - Shot by Sergei Samsonov.
10:08 of 1st period - Shot Misses the Net.
10:10 of 1st period - Shot by Craig Conroy.
10:10 of 1st period - Stopped by Jonas Hiller without a rebound.
10:11 of 1st period - Jonathan Toews wins face-off versus Sean Bergenheim in Ducks zone.
10:11 of 1st period - Jonathan Toews is hit by Sean Bergenheim.
10:38 of 1st period - Ruslan Fedotenko is hit by Kurtis Foster and loses puck.
11:02 of 1st period - Kent Huskins is hit by Dustin Byfuglien and loses puck.
12:13 of 1st period - Icing by Martin Skoula.
12:14 of 1st period - Andy McDonald wins face-off versus Sergei Samsonov in Kings zone.
12:17 of 1st period - Shot by Brandon Dubinsky.
12:17 of 1st period - Deflect By David Clarkson.
12:17 of 1st period - Shot Misses the Net.
12:22 of 1st period - Icing by Matt Duchene.
12:23 of 1st period - Sergei Samsonov wins face-off versus Christian Hanson in Kings zone.
12:43 of 1st period - Minor Penalty to Michael Del Zotto for High sticking.
12:44 of 1st period - Jonathan Toews wins face-off versus Craig Adams in Kings zone.
12:45 of 1st period - Shot by Tom Poti.
12:45 of 1st period - Stopped by Nikolai Khabibulin without a rebound.
12:46 of 1st period - Craig Adams wins face-off versus Mason Raymond in Kings zone.
14:28 of 1st period - Off-side.
14:29 of 1st period - Michael Frolik wins face-off versus Andy McDonald in neutral zone.
14:45 of 1st period - Off-side.
14:46 of 1st period - Craig Conroy wins face-off versus Christian Hanson in neutral zone.
15:44 of 1st period - Minor Penalty to Jay Pandolfo for Holding.
15:45 of 1st period - Craig Adams wins face-off versus Jonathan Toews in Kings zone.
17:52 of 1st period - Shot by Bryan Little.
17:52 of 1st period - Stopped by Nikolai Khabibulin without a rebound.
17:53 of 1st period - Sergei Samsonov wins face-off versus Christian Hanson in Kings zone.
18:10 of 1st period - Shot by Michael Frolik.
18:10 of 1st period - Stopped by Jonas Hiller without a rebound.
18:11 of 1st period - Craig Conroy wins face-off versus Andy McDonald in Ducks zone.
18:54 of 1st period - Icing by Henrik Tallinder.
18:55 of 1st period - Manny Malhotra wins face-off versus Darroll Powe in Ducks zone.
18:57 of 1st period - Jakub Voracek is hit by Craig Adams and loses puck.
19:01 of 1st period - Off-side.
19:02 of 1st period - Jonathan Toews wins face-off versus Sergei Samsonov in neutral zone.
19:18 of 1st period - Shot by Matt Duchene.
19:18 of 1st period - Stopped by Jonas Hiller without a rebound.
19:19 of 1st period - Manny Malhotra wins face-off versus Darroll Powe in Ducks zone.
19:38 of 1st period - Shot by Ethan Moreau.
19:38 of 1st period - Stopped by Jonas Hiller without a rebound.
19:39 of 1st period - Matt Duchene wins face-off versus Jonathan Toews in Ducks zone.
19:56 of 1st period - Shot by Michael Frolik.
19:56 of 1st period - Stopped by Jonas Hiller without a rebound.
19:57 of 1st period - Craig Conroy wins face-off versus Andy McDonald in Ducks zone.

Period #2

0:01 of 2nd period - Matt Duchene wins face-off versus Jonathan Toews in neutral zone.
0:01 of 2nd period - Jamie McBain is hit by Dustin Byfuglien and loses puck.
0:42 of 2nd period - Shot by Jonathan Toews.
0:42 of 2nd period - Stopped by Nikolai Khabibulin without a rebound.
0:43 of 2nd period - Craig Adams wins face-off versus Andy McDonald in Kings zone.
0:48 of 2nd period - Shot by Bryan Allen.
0:48 of 2nd period - Shot Misses the Net.
0:52 of 2nd period - Shot by Darroll Powe.
0:52 of 2nd period - Shot Misses the Net.
0:56 of 2nd period - Shot by Darroll Powe.
0:56 of 2nd period - Shot Misses the Net.
1:19 of 2nd period - Icing by Rob Scuderi.
1:20 of 2nd period - Andy McDonald wins face-off versus Craig Conroy in Ducks zone.
2:30 of 2nd period - Shot by Mason Raymond.
2:30 of 2nd period - Shot Blocked by Martin Skoula.
2:34 of 2nd period - Shot by Jonathan Toews.
2:34 of 2nd period - Deflect By Dustin Byfuglien.
2:34 of 2nd period - Shot Misses the Net.
2:38 of 2nd period - Shot by Jonathan Toews.
2:38 of 2nd period - Shot Misses the Net.
2:40 of 2nd period - Shot by Mason Raymond.
2:40 of 2nd period - Stopped by Nikolai Khabibulin without a rebound.
2:41 of 2nd period - Darroll Powe wins face-off versus Christian Hanson in Kings zone.
3:05 of 2nd period - Shot by Darroll Powe.
3:05 of 2nd period - Stopped by Jonas Hiller with a rebound.
3:07 of 2nd period - Shot by Darroll Powe.
3:07 of 2nd period - Stopped by Jonas Hiller without a rebound.
3:08 of 2nd period - Jonathan Toews wins face-off versus Matt Duchene in Ducks zone.
3:39 of 2nd period - Matt Duchene is hit by Dustin Byfuglien and loses puck.
3:44 of 2nd period - Shot by Jonathan Toews.
3:44 of 2nd period - Deflect By Mason Raymond.
3:44 of 2nd period - Stopped by Nikolai Khabibulin without a rebound.
3:45 of 2nd period - Craig Conroy wins face-off versus Andy McDonald in Kings zone.
3:49 of 2nd period - Craig Conroy is hit by Rob Scuderi and loses puck.
4:00 of 2nd period - Shot by Ruslan Fedotenko.
4:00 of 2nd period - Stopped by Jonas Hiller with a rebound.
4:02 of 2nd period - Shot by Mike Lundin.
4:02 of 2nd period - Stopped by Jonas Hiller with a rebound.
4:04 of 2nd period - Shot by Ruslan Fedotenko.
4:04 of 2nd period - Stopped by Jonas Hiller without a rebound.
4:05 of 2nd period - Manny Malhotra wins face-off versus Darroll Powe in Ducks zone.
4:19 of 2nd period - Kent Huskins is hit by Nick Schultz and loses puck.
4:59 of 2nd period - Ruslan Fedotenko is hit by Nick Schultz and loses puck.
5:05 of 2nd period - Minor Penalty to Evgeny Artyukhin for Interference.
5:06 of 2nd period - Sean Bergenheim wins face-off versus Jonathan Toews in Kings zone.
5:21 of 2nd period - Shot by Mason Raymond.
5:21 of 2nd period - Stopped by Nikolai Khabibulin without a rebound.
5:22 of 2nd period - Matt Duchene wins face-off versus Andy McDonald in Kings zone.
5:22 of 2nd period - Minor Penalty to David Clarkson for Tripping.
5:23 of 2nd period - Jonathan Toews wins face-off versus Matt Duchene in Ducks zone.
6:16 of 2nd period - Icing by Rob Scuderi.
6:17 of 2nd period - Craig Adams wins face-off versus Andy McDonald in Ducks zone.
6:17 of 2nd period - Ruslan Fedotenko is hit by Rob Scuderi and loses puck.
6:18 of 2nd period - Minor Penalty to Rob Scuderi for Roughing.
6:19 of 2nd period - Craig Adams wins face-off versus Jonathan Toews in Ducks zone.
7:14 of 2nd period - Michael Frolik is hit by Andy McDonald and loses puck.
8:24 of 2nd period - Shot by Sergei Samsonov.
8:24 of 2nd period - Shot Misses the Net.
8:27 of 2nd period - Icing by Rob Scuderi.
8:28 of 2nd period - Christian Hanson wins face-off versus Craig Conroy in Ducks zone.
9:04 of 2nd period - Icing by Mike Lundin.
9:05 of 2nd period - Ruslan Fedotenko wins face-off versus Andy McDonald in Kings zone.
9:44 of 2nd period - Icing by Mike Lundin.
9:45 of 2nd period - Jonathan Toews wins face-off versus Craig Conroy in Kings zone.
10:08 of 2nd period - Shot by Jonathan Toews.
10:08 of 2nd period - Shot Misses the Net.
10:10 of 2nd period - Shot by Marc-Edouard Vlasic.
10:10 of 2nd period - Shot Blocked by Craig Conroy.
12:06 of 2nd period - Icing by Bryan Allen.
12:07 of 2nd period - Jonathan Toews wins face-off versus Darroll Powe in Kings zone.
12:25 of 2nd period - Shot by Dustin Byfuglien.
12:25 of 2nd period - Shot Misses the Net.
12:27 of 2nd period - Shot by Jonathan Toews.
12:27 of 2nd period - Shot Blocked by Kent Huskins.
12:29 of 2nd period - Shot by Jonathan Toews.
12:29 of 2nd period - Stopped by Nikolai Khabibulin with a rebound.
12:31 of 2nd period - Shot by Marc-Edouard Vlasic.
12:31 of 2nd period - Shot Misses the Net.
12:35 of 2nd period - Shot by Mason Raymond.
12:35 of 2nd period - Stopped by Nikolai Khabibulin without a rebound.
12:36 of 2nd period - Christian Hanson wins face-off versus Sergei Samsonov in Kings zone.
12:52 of 2nd period - Shot by Richard Park.
12:52 of 2nd period - Shot Misses the Net.
12:54 of 2nd period - Shot by Nick Schultz.
12:54 of 2nd period - Shot Misses the Net.
12:56 of 2nd period - Shot by Bryan Little.
12:56 of 2nd period - Stopped by Nikolai Khabibulin without a rebound.
12:57 of 2nd period - Manny Malhotra wins face-off versus Sergei Samsonov in Kings zone.
12:57 of 2nd period - Manny Malhotra is hit by Cory Sarich.
13:30 of 2nd period - David Perron is hit by Cory Sarich and loses puck.
13:42 of 2nd period - Icing by Jamie McBain.
13:43 of 2nd period - Sergei Samsonov wins face-off versus Jonathan Toews in Kings zone.
14:58 of 2nd period - Shot by Andy McDonald.
14:58 of 2nd period - Stopped by Nikolai Khabibulin without a rebound.
14:59 of 2nd period - David Perron wins face-off versus Ethan Moreau in Kings zone.
15:27 of 2nd period - Shot by Ethan Moreau.
15:27 of 2nd period - Deflect By Darroll Powe.
15:27 of 2nd period - Stopped by Jonas Hiller without a rebound.
15:28 of 2nd period - Craig Conroy wins face-off versus Jonathan Toews in Ducks zone.
15:32 of 2nd period - Minor Penalty to Kurtis Foster for Holding Stick.
15:33 of 2nd period - Jonathan Toews wins face-off versus Darroll Powe in Ducks zone.
15:40 of 2nd period - Shot by Kent Huskins.
15:40 of 2nd period - Stopped by Jonas Hiller without a rebound.
15:41 of 2nd period - Manny Malhotra wins face-off versus Darroll Powe in Ducks zone.
15:56 of 2nd period - Richard Park is hit by Darroll Powe and loses puck.
17:23 of 2nd period - Minor Penalty to Darroll Powe for Roughing.
17:24 of 2nd period - Jonathan Toews wins face-off versus Craig Adams in Kings zone.
17:37 of 2nd period - Shot by Brandon Dubinsky.
17:37 of 2nd period - Stopped by Nikolai Khabibulin with a rebound.
17:39 of 2nd period - Shot by Marc-Edouard Vlasic.
17:39 of 2nd period - Shot Misses the Net.
17:41 of 2nd period - Shot by Nick Schultz.
17:41 of 2nd period - Shot Blocked by Bryan Allen.
17:43 of 2nd period - Shot by Andy McDonald.
17:43 of 2nd period - Shot Misses the Net.
17:45 of 2nd period - Shot by Nick Schultz.
17:45 of 2nd period - Stopped by Nikolai Khabibulin without a rebound.
17:46 of 2nd period - Craig Conroy wins face-off versus Jonathan Toews in Kings zone.
19:19 of 2nd period - Shot by Rob Scuderi.
19:19 of 2nd period - Shot Misses the Net.
19:21 of 2nd period - Shot by Mason Raymond.
19:21 of 2nd period - Stopped by Nikolai Khabibulin without a rebound.
19:22 of 2nd period - Michael Frolik wins face-off versus Andy McDonald in Kings zone.
19:28 of 2nd period - Icing by Michael Del Zotto.
19:29 of 2nd period - Craig Conroy wins face-off versus Christian Hanson in Kings zone.

Period #3

0:01 of 3rd period - Jonathan Toews wins face-off versus Matt Duchene in neutral zone.
0:14 of 3rd period - Matt Duchene is hit by Kurtis Foster and loses puck.
0:17 of 3rd period - Shot by Michael Frolik.
0:17 of 3rd period - Shot Misses the Net.
0:21 of 3rd period - Shot by Sean Bergenheim.
0:21 of 3rd period - Shot Misses the Net.
0:23 of 3rd period - Shot by Martin Skoula.
0:23 of 3rd period - Stopped by Jonas Hiller without a rebound.
0:24 of 3rd period - Darroll Powe wins face-off versus Andy McDonald in Ducks zone.
0:40 of 3rd period - Icing by Craig Adams.
0:41 of 3rd period - Darroll Powe wins face-off versus Manny Malhotra in Kings zone.
0:41 of 3rd period - Darroll Powe is hit by David Perron.
1:08 of 3rd period - Minor Penalty to David Perron for High sticking.
1:09 of 3rd period - Jonathan Toews wins face-off versus Matt Duchene in Ducks zone.
1:48 of 3rd period - Shot by Jamie McBain.
1:48 of 3rd period - Shot Misses the Net.
1:50 of 3rd period - Shot by Sean Bergenheim.
1:50 of 3rd period - Stopped by Jonas Hiller without a rebound.
1:51 of 3rd period - Manny Malhotra wins face-off versus Darroll Powe in Ducks zone.
2:53 of 3rd period - Shot by Sean Bergenheim.
2:53 of 3rd period - Shot Misses the Net.
3:26 of 3rd period - Shot by Dustin Byfuglien.
3:26 of 3rd period - Shot Misses the Net.
3:28 of 3rd period - Shot by Jonathan Toews.
3:28 of 3rd period - Deflect By Dustin Byfuglien.
3:28 of 3rd period - Stopped by Nikolai Khabibulin without a rebound.
3:29 of 3rd period - Craig Conroy wins face-off versus Christian Hanson in Kings zone.
4:07 of 3rd period - Off-side.
4:08 of 3rd period - Jonathan Toews wins face-off versus Darroll Powe in neutral zone.
5:50 of 3rd period - Off-side.
5:51 of 3rd period - Andy McDonald wins face-off versus Craig Conroy in neutral zone.
5:56 of 3rd period - Icing by Mike Lundin.
5:57 of 3rd period - Andy McDonald wins face-off versus Craig Conroy in Kings zone.
6:28 of 3rd period - Shot by Brandon Dubinsky.
6:28 of 3rd period - Deflect By Andy McDonald.
6:28 of 3rd period - Stopped by Nikolai Khabibulin without a rebound.
6:29 of 3rd period - Matt Duchene wins face-off versus Jonathan Toews in Kings zone.
6:31 of 3rd period - Icing by Martin Skoula.
6:32 of 3rd period - Matt Duchene wins face-off versus Dustin Byfuglien in Kings zone.
7:51 of 3rd period - Shot by Ethan Moreau.
7:51 of 3rd period - Deflect By Darroll Powe.
7:51 of 3rd period - Shot Misses the Net.
7:53 of 3rd period - Shot by Ethan Moreau.
7:53 of 3rd period - Stopped by Jonas Hiller with a rebound.
7:55 of 3rd period - Shot by Ethan Moreau.
7:55 of 3rd period - Goal by Ethan Moreau - Kings : 1 - Ducks : 0.
7:56 of 3rd period - Andy McDonald wins face-off versus Craig Conroy in neutral zone.
7:59 of 3rd period - Shot by David Clarkson.
7:59 of 3rd period - Deflect By Brandon Dubinsky.
7:59 of 3rd period - Shot Misses the Net.
8:03 of 3rd period - Shot by Andy McDonald.
8:03 of 3rd period - Stopped by Nikolai Khabibulin with a rebound.
8:05 of 3rd period - Shot by Andy McDonald.
8:05 of 3rd period - Shot Misses the Net.
8:07 of 3rd period - Shot by David Clarkson.
8:07 of 3rd period - Shot Misses the Net.
8:09 of 3rd period - Shot by Tom Poti.
8:09 of 3rd period - Shot Blocked by Craig Conroy.
8:17 of 3rd period - Shot by Brandon Dubinsky.
8:17 of 3rd period - Stopped by Nikolai Khabibulin without a rebound.
8:18 of 3rd period - Sergei Samsonov wins face-off versus Manny Malhotra in Kings zone.
8:47 of 3rd period - Shot by David Perron.
8:47 of 3rd period - Shot Misses the Net.
8:51 of 3rd period - Shot by David Perron.
8:51 of 3rd period - Stopped by Nikolai Khabibulin without a rebound.
8:52 of 3rd period - Jonathan Toews wins face-off versus Craig Conroy in Kings zone.
9:32 of 3rd period - Minor Penalty to Dustin Byfuglien for Roughing.
9:33 of 3rd period - Jonathan Toews wins face-off versus Darroll Powe in Ducks zone.
9:42 of 3rd period - Minor Penalty to Ethan Moreau for Interference.
9:43 of 3rd period - Andy McDonald wins face-off versus Craig Adams in Kings zone.
11:08 of 3rd period - Shot by Michael Frolik.
11:08 of 3rd period - Stopped by Jonas Hiller without a rebound.
11:09 of 3rd period - Matt Duchene wins face-off versus Jonathan Toews in Ducks zone.
11:24 of 3rd period - Shot by Matt Duchene.
11:24 of 3rd period - Shot Blocked by Tom Poti.
11:43 of 3rd period - Minor Penalty to Michael Del Zotto for Interference.
11:44 of 3rd period - Jonathan Toews wins face-off versus Craig Adams in Kings zone.
13:19 of 3rd period - Shot by David Perron.
13:19 of 3rd period - Shot Misses the Net.
13:21 of 3rd period - Shot by Jakub Voracek.
13:21 of 3rd period - Stopped by Nikolai Khabibulin without a rebound.
13:22 of 3rd period - Jonathan Toews wins face-off versus Michael Frolik in Kings zone.
13:51 of 3rd period - Shot by Richard Park.
13:51 of 3rd period - Stopped by Nikolai Khabibulin without a rebound.
13:52 of 3rd period - Manny Malhotra wins face-off versus Sergei Samsonov in Kings zone.
14:13 of 3rd period - Off-side.
14:14 of 3rd period - Christian Hanson wins face-off versus Craig Conroy in neutral zone.
14:17 of 3rd period - Mike Lundin is hit by Christian Hanson and loses puck.
14:24 of 3rd period - Henrik Tallinder is hit by Ruslan Fedotenko and loses puck.
14:28 of 3rd period - Minor Penalty to Henrik Tallinder for Boarding.
14:29 of 3rd period - Darroll Powe wins face-off versus Manny Malhotra in Ducks zone.
14:30 of 3rd period - Shot by Kent Huskins.
14:30 of 3rd period - Stopped by Jonas Hiller without a rebound.
14:31 of 3rd period - Manny Malhotra wins face-off versus Darroll Powe in Ducks zone.
14:36 of 3rd period - Manny Malhotra is hit by Ethan Moreau and loses puck.
14:49 of 3rd period - Rob Scuderi is hit by Craig Adams and loses puck.
15:08 of 3rd period - Tom Poti is hit by Ethan Moreau and loses puck.
15:25 of 3rd period - Martin Skoula is hit by Brandon Dubinsky and loses puck.
15:40 of 3rd period - Shot by Martin Skoula.
15:40 of 3rd period - Shot Misses the Net.
16:15 of 3rd period - Shot by Kent Huskins.
16:15 of 3rd period - Shot Misses the Net.
16:19 of 3rd period - Shot by Bryan Allen.
16:19 of 3rd period - Shot Misses the Net.
16:21 of 3rd period - Shot by Craig Adams.
16:21 of 3rd period - Shot Misses the Net.
16:23 of 3rd period - Shot by Darroll Powe.
16:23 of 3rd period - Shot Misses the Net.
16:25 of 3rd period - Shot by Kent Huskins.
16:25 of 3rd period - Stopped by Jonas Hiller with a rebound.
17:01 of 3rd period - Shot by Ruslan Fedotenko.
17:01 of 3rd period - Shot Misses the Net.
17:16 of 3rd period - Off-side.
17:17 of 3rd period - Jonathan Toews wins face-off versus Matt Duchene in neutral zone.
17:22 of 3rd period - Dustin Byfuglien is hit by Martin Skoula and loses puck.
17:27 of 3rd period - Shot by Dustin Byfuglien.
17:27 of 3rd period - Stopped by Nikolai Khabibulin without a rebound.
17:28 of 3rd period - Darroll Powe wins face-off versus Manny Malhotra in Kings zone.
19:00 of 3rd period - Ducks, Jonas Hiller is pulled from the net.
19:39 of 3rd period - Icing by Martin Skoula.
19:40 of 3rd period - David Clarkson wins face-off versus Matt Duchene in Kings zone.
19:59 of 3rd period - Shot by Kurtis Foster.
19:59 of 3rd period - Stopped by Nikolai Khabibulin without a rebound.


Output by the SimonT Hockey Simulator (STHS) for Stephane Roy -- Original Page W3C XHTML 1.0 Valid